montu, chaotic male human Wizard ------------ +.......<..- |..........| |..........| -------|---- # # # # ############### # ### # ########### --|-- # |...| ##u |...| @ |...|####### ----- montu the Thaumaturge Experience level: 6 Strength: 12 Dexterity: 12 Constitution: 17 Intelligence: 18 Wisdom: 10 Charisma: 10 Health: 0(73) Energy: 28(51) Def: 1 Gold: 257 Moves: 3436 Dungeon seed: k3mSF_CTgiFmT_7C Game ID: montu_1704485530 Your Inventory: Coins $ - 257 gold pieces Weapons a - a blessed +1 quarterstaff (weapon in hands) Armor e - an uncursed +0 cloak of magic resistance (being worn) n - an uncursed +0 robe Scrolls i - an uncursed scroll of stinking cloud k - an uncursed scroll of enchant weapon l - a blessed scroll of confuse monster s - a blessed scroll of enchant weapon y - an uncursed scroll of confuse monster z - an uncursed scroll of identify I - a cursed scroll of summoning Spellbooks w - an uncursed spellbook of healing Potions j - an uncursed potion of restore ability u - an uncursed potion of hallucination x - an uncursed potion of gain level Rings t - an uncursed ring of conflict (on left hand) Wands b - an uncursed wand of striking (0:0) o - a cursed wand of undead turning (0:7) E - an uncursed wand of striking (0:0) H - an uncursed wand of digging (0:7) K - a cursed wand of digging (0:3) Tools h - an uncursed blindfold B - an uncursed leash Gems q - 2 uncursed worthless pieces of blue glass Spells and supernatural/magical abilities: Name Level Category Cost Memory a - force bolt 1 attack 6pw 95% h - healing 1 healing 12pw 96% m - magic missile 2 attack 12pw 95% v - clairvoyance 3 divination 37pw 95% z - sleep 1 enchantment 8pw 95% W - pray for help -- divine ? -- Your skills at the end: Fighting Skills wands [Basic] Weapon Skills quarterstaff [Basic] Spellcasting Skills attack spells [Skilled] enchantment spells [Basic] Final Attributes: You were piously aligned. You were magic resistant. You were telepathic. You were conflicting. You last prayed 129 turns ago. Anhur was noncommittal. You are dead. Vanquished creatures: 4 leprechauns a dwarf mummy a blue jelly 2 Mordor orcs a violet fungus a gnome lord a kobold mummy a giant ant a little dog a floating eye a kitten a dwarf a homunculus 2 rothes a rabid rat a monkey an orc zombie a werejackal an iguana an acid blob a hobbit 3 manes a hobgoblin a yellow mold 2 garter snakes 2 geckos 6 jackals 2 foxes a kobold a goblin 2 sewer rats 8 grid bugs 2 bats a lichen 3 newts 61 creatures vanquished. Voluntary challenges: You used a wielded weapon 108 times, starting on turn 247. You read items or engraved 2 times, starting on turn 475. You never genocided any monsters. You never polymorphed an object. You never changed form. You used no wishes. You never split a pudding. You never wrote Elbereth's name. You never violated your personal moral code. Dungeon overview: The Dungeons of Doom: levels 1 to 10 Level 1 a fountain, a vault a long staircase Level 2 a fountain Level 3 a long staircase Level 4 Level 5 some fountains Level 6 a sink Level 7 an altar to Thoth, some fountains Level 8 a vault Level 10 <- You were here a long staircase History has recorded: On T:1 you entered the Dungeons of Doom to retrieve the Amulet of Yendor! On T:446 you reached level 2 of The Dungeons of Doom. On T:576 you advanced to experience level 2. On T:738 you reached level 3 of The Dungeons of Doom. On T:841 you advanced to experience level 3. On T:1085 you reached level 4 of The Dungeons of Doom. On T:1387 you reached level 5 of The Dungeons of Doom. On T:1405 you advanced to experience level 4. On T:1714 you reached level 6 of The Dungeons of Doom. On T:2295 you advanced to experience level 5. On T:2340 you reached level 7 of The Dungeons of Doom. On T:2889 you advanced to experience level 6. On T:2929 you reached level 8 of The Dungeons of Doom. On T:3321 you reached level 10 of The Dungeons of Doom. Score breakdown: Gold: 257 ( 8203 points) Experience: 6 levels (12456 points) Exploration: 10 levels ( 21.74%) (13416 points) Discoveries: 6 items ( 2.01%) ( 4256 points) Valuables value: (no points given unless you survive) Artifact value: 0 ( 0 points) Variety of kills: 35 monsters ( 9.21%) ( 9104 points) Turncount: 3436 turns ( -800 points) Survival: died (score multiplied by 80%) Total score: 37308 Latest messages: The white unicorn butts! The white unicorn kicks! The white unicorn butts! The white unicorn kicks! The white unicorn butts! The white unicorn kicks! The magic missile hits the white unicorn! The magic missile bounces! The magic missile hits the white unicorn! The white unicorn butts! The white unicorn kicks! The white unicorn butts! The white unicorn kicks! The magic missile hits the white unicorn! The magic missile bounces! The magic missile hits the white unicorn! The white unicorn butts! The white unicorn kicks! The white unicorn butts! The white unicorn kicks! You die... Final status: Goodbye montu the Wizard, killed by a white unicorn... You died in The Dungeons of Doom on dungeon level 10 with 37308 points, and 257 pieces of gold, after 3436 moves. You were level 6 with a maximum of 73 hit points when you died.